 Dungeon Crawl Stone Soup version 0.30-a0-737-gf23d94013f (webtiles) character file.

Game seed: 9128017250296906430

355 sircluck the Chopper (level 6, -8/53 HPs)
             Began as a Hill Orc Fighter on Feb 1, 2023.
             Mangled by an ogre
             ... wielding a +0 giant spiked club
              (19 damage)
             ... on level 4 of the Dungeon.
             The game lasted 00:07:58 (2592 turns).

sircluck the Chopper (Hill Orc Fighter)             Turns: 2592, Time: 00:07:59

Health: -8/53      AC: 10    Str: 21    XL:     6   Next: 63%
Magic:  6/6        EV:  9    Int:  8    God:
Gold:   120        SH:  4    Dex: 10    Spells: 5/5 levels left

rFire   . . .      SeeInvis .    a - +0 war axe
rCold   . . .      Faith    .    c - +0 buckler
rNeg    . . .      Spirit   .    b - +0 scale mail
rPois   .          Reflect  .    i - +2 helmet
rElec   .          Harm     .    (no cloak)
rCorr   .          Rampage  .    (no gloves)
Will    .....                    (no boots) Stlth
                                 (no amulet)
HPRegen 0.28/turn                (no ring)
MPRegen 0.10/turn                (no ring)

@: no status effects
A: no striking features
a: no special abilities


You were on level 4 of the Dungeon.
You visited 2 branches of the dungeon, and saw 5 of its levels.
You also visited: Sewer.

You collected 120 gold pieces.

Inventory:

Hand Weapons
 a - a +0 war axe (weapon)
Missiles
 f - 22 stones
 g - 4 javelins (quivered)
 m - 6 poisoned darts
Armour
 b - a +0 scale mail (worn)
 c - a +0 buckler (worn)
 i - a +2 helmet (worn)
 v - a +0 pair of gloves
Magical Staves
 k - a staff of poison
Jewellery
 r - a +6 ring of dexterity
Scrolls
 e - a scroll of amnesia {unknown}
 h - 2 scrolls of noise {unknown}
 j - 2 scrolls of identify {unknown}
 l - 3 scrolls of teleportation {unknown}
 n - 3 scrolls of fog {unknown}
 s - 5 scrolls of enchant armour {unknown}
 t - a scroll of blinking {unknown}
 w - a scroll of silence {unknown}
Potions
 d - a potion of might
 o - 2 potions of attraction {unknown}
 p - 3 potions of curing {unknown}
 q - a potion of heal wounds {unknown}
 u - a potion of cancellation {unknown}
 x - a potion of invisibility {unknown}
 z - a potion of lignification {unknown}


   Skills:
 + Level 4.7 Fighting
 + Level 6.3 Axes
 + Level 4.5 Armour
 + Level 1.4 Dodging
 + Level 3.8 Shields


You had 5 spell levels left.
You didn't know any spells.
Your spell library contained the following spells:

 Spells                   Type           Power      Damage    Failure   Level
 Kiss of Death            Conj/Necr      0%         2d5       83%         1
 Lesser Beckoning         Tloc           0%         N/A       92%         2
 Confusing Touch          Hex            0%         N/A       99%         3
 Gell's Gravitas          Tloc           0%         N/A       99%         3
 Teleport Other           Tloc           0%         N/A       99%         3
 Dispel Undead            Necr           0%         3d6       100%        4
 Dispersal                Tloc           0%         N/A       100%        6


Dungeon Overview and Level Annotations

Branches:
Dungeon (4/15)             Temple (1/1) D:4           Sewer (visited)

Altars:
Ashenzari
Cheibriados
Dithmenos
Elyvilon
Fedhas
Gozag
Hepliaklqana
Kikubaaqudgha
Okawaru
Qazlal
Sif Muna
Trog
Uskayaw
Vehumet
Wu Jian
Xom
Yredelemnul
Zin


Message History

You slash the iguana!
The iguana is severely wounded.
The iguana bites you.
You hit the iguana.
The iguana is severely wounded.
The iguana barely misses you.
You closely miss the iguana.
The iguana is severely wounded.
The iguana completely misses you.
You hit the iguana.
You kill the iguana!
You hit the ogre but do no damage.
The ogre hits you with a +0 giant spiked club!
You are too injured to fight recklessly!
You are too injured to fight recklessly!
You are too injured to fight recklessly!
You are too injured to fight recklessly!
You are too injured to fight recklessly!
You are too injured to fight recklessly!
You are too injured to fight recklessly!
You are too injured to fight recklessly!
You are too injured to fight recklessly!
You are too injured to fight recklessly!
You are too injured to fight recklessly!
You are too injured to fight recklessly!
You slash the ogre!
The ogre is moderately wounded.
The ogre closely misses you.
You hit the ogre.
The ogre is heavily wounded.
The ogre barely misses you.
You barely miss the ogre.
The ogre is heavily wounded.
The ogre hits you with a +0 giant spiked club!!
* * * LOW HITPOINT WARNING * * *
The ogre attacks as you move away! The ogre barely misses you.
Found a white potion.
The ogre attacks as you move away!
The ogre hits you with a +0 giant spiked club!!
You die...

..........#..## #..# #..#
^...........## ##.####.#
............## #......#####
........###..# ##..###......####.
.......#####.##...## #..###.<....
......##.##..#..# ##.# ##.....
####..#........# #.# .....
.....#...>..#..########.####.....
##.........###..@O...........$...
.....####..# #..########..##.....
#...######..##...## #.# .....
##...##...#..##...## ..#.....
####...........#...# #!# .#
##...#####.....# .# .#
##....##....### ..
.#####..##.....####
.................<##


You could see an ogre.

Vanquished Creatures
  A hound (D:4)
  A jelly (D:4)
  A hell rat (Sewer)
  An orc wizard (D:3)
  3 iguanas (D:4)
  6 adders
  3 river rats (Sewer)
  A worm (D:2)
  A dart slug (D:1)
  4 orcs (D:3)
  3 endoplasms
  6 giant cockroaches
  5 goblins
  7 hobgoblins
  9 jackals
  2 quokkas
  8 ball pythons
  7 bats
  3 kobolds
  12 rats
84 creatures vanquished.

Notes
Turn   | Place    | Note
-------+----------+-------------------------------------------
     0 | D:1      | sircluck the Hill Orc Fighter began the quest for the Orb.
     0 | D:1      | Reached XP level 1. HP: 19/19 MP: 1/1
    79 | D:1      | Reached XP level 2. HP: 26/27 MP: 2/2
   339 | D:1      | Reached skill level 3 in Axes
   422 | D:1      | Reached XP level 3. HP: 30/33 MP: 3/3
  1117 | D:2      | You are sucked into a shaft and drop 1 floor!
  1184 | D:3      | Reached skill level 4 in Axes
  1184 | D:3      | Reached skill level 1 in Dodging
  1184 | D:3      | Reached XP level 4. HP: 35/40 MP: 4/4
  1444 | D:3      | Found a glowing drain.
  1472 | D:3      | Reached XP level 5. HP: 27/46 MP: 5/5
  1477 | Sewer    | Entered a sewer
  1506 | Sewer    | Reached skill level 5 in Axes
  2035 | D:4      | Reached XP level 6. HP: 52/53 MP: 6/6
  2114 | D:4      | Found a staircase to the Ecumenical Temple.
  2140 | Temple   | Entered the Ecumenical Temple
  2286 | D:4      | Reached skill level 6 in Axes
  2592 | D:4      | Mangled by an ogre

Illustrated notes

Levels and vault maps discovered:
D:1:      spicycebolla_arrival_xxxplode, layout_basic, hangedman_decor_lopped
D:2:      layout_rooms
D:3:      layout_loops_cross, gup_sewer_entry_glass
D:4:      layout_rooms, minmay_temple_entry_wispy
Temple:   compressed_dpeg_circular_temple

Skill      XL: |  1  2  3  4  5  6 |
---------------+-------------------+-----
Fighting       | 4 |  4.7
Axes           | 3 4 5 6 |  6.3
Dodging        | 1 |  1.4
Armour         | 4 |  4.5
Shields        | |  3.8

Action                     |  1- 3 |  4- 6 || total
---------------------------+-------+-------++-------
  Melee: War axe           |   109 |   120 ||   229
         Staff             |     4 |       ||     4
  Throw: Javelin           |     1 |       ||     1
    Use: Potion            |     2 |       ||     2
 Armour: Scale mail        |    56 |    62 ||   118
  Dodge: Dodged            |    72 |    65 ||   137
  Block: Buckler           |    26 |    31 ||    57

Table legend: (Time is in decaauts)
 A = Elapsed time spent in this place.
 B = Non-inter-level travel time spent in this place.
 C = Inter-level travel time spent in this place.
 D = Time resting spent in this place.
 E = Time spent auto-exploring this place.
 F = Levels seen in this place.
 G = Mean time per level.
                   A        B        C        D        E       F      G
               +--------+--------+--------+--------+--------+-----+--------+
         Total |   2691 |   2552 |    139 |      0 |   1274 |   6 |  448.5 |
       Dungeon |   2416 |   2316 |    100 |      0 |   1197 |   4 |  604.0 |
        Temple |    132 |     93 |     39 |      0 |     77 |   1 |  132.0 |
         Sewer |    142 |    142 |      0 |      0 |      0 |   1 |  142.0 |
               +--------+--------+--------+--------+--------+-----+--------+

Top non-repeatable levels by time:
     D:1: 1013 daAuts
     D:3: 796 daAuts
     D:4: 466 daAuts
   Sewer: 142 daAuts
     D:2: 140 daAuts
  Temple: 132 daAuts
